 Dungeon Crawl Stone Soup version 0.20-a0-739-g6bb112f (webtiles) character file.

185 polly the Ducker (level 5, 0/39 HPs)
             Began as a Demonspawn Gladiator on Feb 25, 2017.
             Killed from afar by an orc wizard (3 damage)
             ... with a magic dart
             ... on level 4 of the Dungeon.
             The game lasted 00:05:53 (3625 turns).

polly the Ducker (Demonspawn Gladiator)             Turns: 3625, Time: 00:05:54

Health: 0/39       AC:  9    Str: 15    XL:     5   Next: 37%
Magic:  5/5        EV: 13    Int: 10    God:
Gold:   177        SH:  0    Dex: 19    Spells: 4/4 levels left

rFire    . . .     SeeInvis .     - Unarmed
rCold    . . .     Gourm    .   k - +0 chain mail
rNeg     . . .     Faith    .   (no shield)
rPois    .         Spirit   .   c - +0 helmet
rElec    .         Reflect  .   (no cloak)
rCorr    .         Harm     .   (no gloves)
MR       .....                  (no boots)
Stlth    ..........             (no amulet)
Regen    0.2/turn               (no ring)
MPRegen  0.1/turn               (no ring)

@: agile
A: claws 1, powered by death 1
a: no special abilities


You were on level 4 of the Dungeon.
You were not hungry.

You visited 1 branch of the dungeon, and saw 4 of its levels.

You collected 177 gold pieces.

Inventory:

Missiles
 d - a throwing net (quivered)
Armour
 c - a +0 helmet (worn)
 k - a +0 chain mail (worn)
Jewellery
 m - an uncursed ring of flight {unknown}
 w - an uncursed ring of stealth {unknown}
Wands
 t - a wand of lightning (6/15)
Scrolls
 a - 3 scrolls of remove curse {unknown}
 b - 2 scrolls of fear {unknown}
 e - 4 scrolls of recharging {unknown}
 g - 4 scrolls of amnesia {unknown}
 h - 7 scrolls of identify {unknown}
 i - a scroll of teleportation {unknown}
 r - a scroll of random uselessness {unknown}
 u - a scroll of noise {unknown}
Potions
 q - a potion of heal wounds {unknown}
 s - a potion of flight
 v - a potion of mutation {unknown}
Books
 p - a book of Conjurations

   Spells                             Type                      Level
   a - Magic Dart                     Conjuration                  1
   b - Searing Ray                    Conjuration                  2
   c - Dazzling Spray                 Conjuration/Hexes            3
   d - Fulminant Prism                Conjuration/Hexes            4
   e - Force Lance                    Conjuration/Translocation    4
   f - Iskenderun's Mystic Blast      Conjuration                  4
Comestibles
 f - 4 bread rations
 j - a meat ration
 l - 4 fruits
 o - a royal jelly


   Skills:
 + Level 2.7 Fighting
   Level 3.1 Long Blades
 - Level 1.9 Throwing
 + Level 1.4 Armour
 + Level 3.3 Dodging
 * Level 2.8 Unarmed Combat


You had 4 spell levels left.
You didn't know any spells.

Dungeon Overview and Level Annotations

Branches:
Dungeon (4/15)
 Temple: D:4-7

Altars:

Annotations:
D:3 polly's ghost, amateur DrBe


Innate Abilities, Weirdness & Mutations

You have sharp fingernails.
You regenerate a little health from kills.


Message History

You throw a throwing net. The throwing net hits the worker ant.
The worker ant is caught in the net!
The worker ant is heavily wounded.
The worker ant struggles against the net.
The worker ant struggles against the net.
The worker ant struggles against the net.
The worker ant struggles against the net. x2
The net rips apart, and the worker ant comes free!
An orc priest and an orc wizard come into view.
The orc wizard shouts!
The orc priest shouts!
The orc wizard points at you and mumbles some strange words.
The puff of flame hits you!
* * * LOW HITPOINT WARNING * * *
It was a potion of agility.
You feel agile all of a sudden.
An orc wizard comes into view. It is wielding a dagger.
The orc wizard shouts!
The orc wizard casts a spell at you. The magic dart hits you!
You die...

#....#
####.#
######
####.#
......#
#....#
.......
#.####
.o.....##a#
........#.#
...o...o.a#
.....#@#.#
#'# #.#####
#.....#
#####.# #.#
#.# #.###
#..<# #####


You could see 2 worker ants, an orc priest and 2 orc wizards.

Vanquished Creatures
  A hound (D:4)
  2 gnolls (D:1)
  3 adders
  An ooze (D:3)
  4 worms
  2 dart slugs
  2 leopard geckos
  11 orcs
  8 bats
  2 giant cockroaches (D:3)
  6 goblins
  8 hobgoblins
  3 jackals (D:3)
  2 quokkas
  A ball python (D:3)
  4 frilled lizards
  11 kobolds
  A leopard gecko skeleton (D:4)
  6 rats
78 creatures vanquished.

Notes
Turn   | Place    | Note
-------+----------+-------------------------------------------
     0 | D:1      | polly the Demonspawn Gladiator began the quest for the Orb.
     0 | D:1      | Reached XP level 1. HP: 16/16 MP: 1/1
   177 | D:1      | Gained mutation: You regenerate a little health from kills. [demonic ancestry]
   177 | D:1      | Reached XP level 2. HP: 22/22 MP: 2/2
   200 | D:1      | Gained mutation: You have sharp fingernails. [demonic ancestry]
   200 | D:1      | Reached XP level 3. HP: 10/28 MP: 3/3
   770 | D:2      | Reached skill level 1 in Unarmed Combat
  1375 | D:2      | Reached XP level 4. HP: 26/34 MP: 4/4
  1576 | D:3      | Noticed polly's ghost (amateur DrBe)
  2328 | D:3      | Reached skill level 1 in Armour
  3045 | D:4      | Noticed an ogre
  3097 | D:3      | Reached XP level 5. HP: 25/39 MP: 5/5
  3625 | D:4      | Killed from afar by an orc wizard

Vault maps used:
D:1:      matt_arrival_diagonals
D:4:      minmay_a_box_with_orc_wizards_in_it

Skill      XL: |  1  2  3  4 |
---------------+-------------+-----
Dodging        | 3 |  3.3
Long Blades    | 3 |  3.1
Unarmed Combat | 1 2 |  2.8
Armour         | 1 |  1.4
Fighting       | |  2.7
Throwing       | |  1.9

Action                   |  1- 3 |  4- 6 || total
-------------------------+-------+-------++-------
Melee: Long sword        |    28 |       ||    28
       Unarmed           |   127 |   230 ||   357
Throw: Throwing net      |       |     5 ||     5
  Use: Potion            |       |     2 ||     2
 Stab: Held in net/web   |       |     1 ||     1
  Eat: Chunk             |       |     7 ||     7
       Royal jelly       |       |     1 ||     1
Armor: Leather armour    |    22 |       ||    22
       Chain mail        |    32 |   140 ||   172
       Ring mail         |     8 |       ||     8
Dodge: Dodged            |    93 |    83 ||   176
       Rpst.: Long sword |     6 |       ||     6
